 Dungeon Crawl Stone Soup version 0.23.2-33-g5129a83184 (webtiles) character file.

Game seed: 12748832250402921806

223 DildoBatman the Conjurer (level 6, -1/41 HPs)
             Began as a Formicid Wizard on July 8, 2019.
             Engulfed by a cloud of noxious fumes (2 damage)
             ... on level 3 of the Dungeon.
             The game lasted 00:08:27 (3122 turns).

DildoBatman the Conjurer (Formicid Wizard)          Turns: 3122, Time: 00:08:27

Health: -1/41      AC:  9    Str: 11    XL:     6   Next: 20%
Magic:  2/10       EV: 10    Int: 20    God:
Gold:   145        SH:  0    Dex:  9    Spells: 4/11 levels left

rFire    + . .     SeeInvis +   a - +2 dagger (venom)
rCold    + . .     Gourm    .   (no shield)
rNeg     . . .     Faith    .   c - +4 ring mail
rPois    .         Spirit   .   (helmet unavailable)
rElec    .         Reflect  .   g - scarf {rC+ rF+}
rCorr    .         Harm     .   (no gloves)
MR       .....                  (no boots)
Stlth    ..........             (no amulet)
HPRegen  0.13/turn              (no ring)
MPRegen  0.12/turn              (no ring)

@: confused
A: permanent stasis, dig shafts and tunnels, four strong arms, antennae 3
a: Dig, Shaft Self


You were on level 3 of the Dungeon.
You were hungry.

You visited 1 branch of the dungeon, and saw 4 of its levels.

You collected 145 gold pieces.

Inventory:

Hand Weapons
 a - a +2 dagger of venom (weapon)
 l - a +0 war axe of draining
Missiles
 d - 5 javelins of returning
 h - 95 stones (quivered)
 i - 75 arrows
 j - 33 sling bullets
 s - 26 bolts
Armour
 c - a +4 ring mail (worn)
 g - a scarf of resistance (worn)
Scrolls
 e - 3 scrolls of amnesia {unknown}
 k - 4 scrolls of identify {unknown}
 m - a scroll of noise {unknown}
 n - a scroll of teleportation {unknown}
 r - a scroll of fear {unknown}
 x - a scroll of remove curse
Potions
 b - a potion of flight {unknown}
 f - a potion of curing {unknown}
 p - 2 potions of cancellation {unknown}
 q - a potion of ambrosia {unknown}
 t - a potion of berserk rage {unknown}
Comestibles
 v - 7 rations


   Skills:
 - Level 1.7 Dodging
 - Level 2.4 Stealth
 - Level 3.2 Spellcasting
 * Level 5.2 Conjurations
   Level 1.0 Summonings
   Level 0.8 Translocations


You had 4 spell levels left.
You knew the following spells:

 Your Spells              Type           Power        Failure   Level  Hunger
a - Conjure Flame         Conj/Fire      ##......     34%         3    ###....
c - Magic Dart            Conj           ###.         4%          1    None
e - Mephitic Cloud        Conj/Pois/Air  ##......     45%         3    ###....

Your spell library contained the following spells:

 Spells                   Type           Power        Failure   Level  Hunger
 Call Imp                 Summ           #.......     34%         2    ##.....
 Slow                     Hex            #.......     45%         2    ##.....
 Blink                    Tloc           Unusable     N/A         2    N/A

Dungeon Overview and Level Annotations

Branches:
Dungeon (4/15)
 Temple: D:4-7

Altars:
Ashenzari
Gozag
Hepliaklqana

Annotations:
D:1 Terence
D:2 1 exclusion


Innate Abilities, Weirdness & Mutations

You cannot be hasted, slowed, berserked, paralysed or teleported.
You can dig through walls and to a lower floor.
Your four strong arms can wield two-handed weapons with a shield.
You have a pair of large antennae on your head. (SInv)


Message History

The gnoll hits you with a +0 whip.
You feel sick.
You feel sick. The gnoll barely misses you.
You feel sick.
You are no longer poisoned.
Casting: Magic Dart (safe; 4% risk of failure)
Confirm with . or Enter, or press ? or * to list all spells.
Aiming: Mephitic Cloud (slightly dangerous; 45% risk of failure)
Press: ? - help, Shift-Dir - straight line, f - gnoll
Aim: a gnoll, wielding a +0 whip (moderately wounded, poisoned) That beam is likely to hit you.
Continue anyway?
The ball explodes into a vile cloud!
The stinking cloud engulfs the gnoll but does no damage.
The gnoll is moderately wounded.
The stinking cloud engulfs you but does no damage.
You are engulfed in noxious fumes.
You choke on the stench!
You are confused.
You die...

#.####.#..##........##.....
#.##..................#.###
#.##.#.#.##........)#.#.#
#.##.#.#.##>........#.#.#
#.............####......##
####.######.#### #.......#
#^..# #.○.☼...# #.##.##.#
#.### #.☼g....# #.##.##.#
#.# #..@☼...# #.##.##.# #.#
#.......# #.##.##.# #.#
#.......# #.##.##.# #.#
#.......# #...)...#
####.#####.......#
###..####
#.......########## #.##
#.##÷##.# ######### #.#
#.##.##.# #[......# #.#
#.##.##.# #..####.# #.#


You could see a gnoll.

Vanquished Creatures
  A gnoll shaman (D:3)
  2 worker ants (D:4)
  3 gnolls (D:2)
  5 adders
  3 dart slugs
  A leopard gecko (D:1)
  3 giant cockroaches
  10 goblins
  9 hobgoblins
  A jackal (D:1)
  6 kobolds
  A quokka (D:2)
  9 bats
  7 frilled lizards
  8 rats
69 creatures vanquished.

Notes
Turn   | Place    | Note
-------+----------+-------------------------------------------
     0 | D:1      | DildoBatman the Formicid Wizard began the quest for the
                  | Orb.
     0 | D:1      | Reached XP level 1. HP: 13/13 MP: 4/4
     6 | D:1      | Reached skill level 1 in Conjurations
   215 | D:1      | Reached XP level 2. HP: 19/19 MP: 3/6
   348 | D:1      | Reached skill level 2 in Conjurations
   560 | D:1      | Reached XP level 3. HP: 24/24 MP: 2/7
   565 | D:1      | Learned a level 3 spell: Conjure Flame
   569 | D:1      | Learned a level 3 spell: Mephitic Cloud
  1470 | D:2      | Noticed Terence
  1556 | D:2      | Reached skill level 3 in Conjurations
  1578 | D:2      | Found a hazy altar of Hepliaklqana.
  1582 | D:2      | Reached XP level 4. HP: 30/30 MP: 2/8
  2036 | D:2      | Reached skill level 4 in Conjurations
  2036 | D:2      | Reached XP level 5. HP: 35/35 MP: 6/9
  2323 | D:3      | Found a shattered altar of Ashenzari.
  2524 | D:3      | Found an opulent altar of Gozag.
  3051 | D:3      | Reached skill level 5 in Conjurations
  3051 | D:3      | Reached XP level 6. HP: 10/41 MP: 0/10
  3112 | D:3      | HP: 2/41 [gnoll/+0 whip (3)]
  3117 | D:3      | HP: 1/41 [poisoned by a worker ant]
  3122 | D:3      | Engulfed by a cloud of noxious fumes

Skill      XL: |  1  2  3  4  5 |
---------------+----------------+-----
Conjurations   | 1 2 3 4 5 |  5.2
Dodging        | |  1.7
Stealth        | |  2.4
Spellcasting   | |  3.2
Summonings     | |  1.0
Translocations | |  0.8

Action                   |  1- 3 |  4- 6 || total
-------------------------+-------+-------++-------
Melee: Short sword       |    21 |       ||    21
       Dagger            |       |    39 ||    39
 Cast: Magic Dart        |    75 |    43 ||   118
       Mephitic Cloud    |     1 |     6 ||     7
 Abil: Dig               |     5 |     5 ||    10
  Use: Scroll            |     2 |       ||     2
 Stab: Confused          |       |     1 ||     1
  Eat: Chunk             |     2 |     6 ||     8
Armor: Robe              |     9 |       ||     9
       Ring mail         |     2 |    23 ||    25
Dodge: Dodged            |    33 |    23 ||    56
